 Dungeon Crawl Stone Soup version 0.31-a0-1074-g0b22e4e0f1 (webtiles) character file.

Game seed: 5388579430441682601

142 gelatine the Trooper (level 5, -5/41 HPs)
             Began as a Demonspawn Fighter on Dec 1, 2023.
             Killed from afar by an orc wizard (12 damage)
             ... with a puff of flame
             ... on level 3 of the Dungeon.
             The game lasted 00:06:11 (2039 turns).

gelatine the Trooper (Demonspawn Fighter)           Turns: 2039, Time: 00:06:12

Health: -5/41      AC:  3    Str: 16    XL:     5   Next: 4%
Magic:  5/5        EV: 11    Int: 11    God:
Gold:   52         SH:  4    Dex: 13    Spells: 4/4 levels left

rFire   . . .        j - +0 hand axe
rCold   . . .        c - +0 buckler
rNeg    . . .        i - +0 leather armour
rPois   .            (helmet currently unavailable)
rElec   .            (cloak currently unavailable)
rCorr   .            (gloves currently unavailable)
SInv    .            (boots currently unavailable)
Will    .....        (no amulet)
Stlth   +            (no ring)
HPRegen 1.26/turn    (no ring)
MPRegen 0.09/turn

%: no passive effects
@: mighty, beast-form
A: beast (slay +0), horns 1, powered by death 2
a: Begin Untransformation


You were on level 3 of the Dungeon.
You were a hulking beast.
You visited 1 branch of the dungeon, and saw 3 of its levels.

You collected 52 gold pieces.

Inventory:

Hand Weapons
 a - a +0 war axe
 j - a +0 hand axe (weapon)
Armour
 b - a +0 scale mail
 c - a +0 buckler (worn)
 i - a +0 leather armour (worn)
Jewellery
 p - a ring of magical power
Talismans
 o - a beast talisman (active)
Wands
 n - a wand of iceblast (12)
Scrolls
 e - a scroll of teleportation
 g - 2 scrolls of identify
Potions
 d - a potion of might
 m - a potion of cancellation
 q - a potion of mutation


   Skills:
 * Level 3.4 Fighting
 * Level 3.1 Axes
 * Level 3.1 Armour
 * Level 1.2 Dodging
 * Level 3.2 Shields
 * Level 0.3 Spellcasting
 * Level 0.4 Evocations
 * Level 0.3 Shapeshifting


You had 4 spell levels left.
You didn't know any spells.
Your spell library contained the following spells:

 Spells                   Type           Power      Damage    Failure   Level
 Cigotuvi's Dreadful Rot  Necr/Pois/Air  0%         N/A       63%         2
 Static Discharge         Conj/Air       0%         3-3/arc   63%         2
 Ignite Poison            Fire/Tmut/Pois 0%         N/A       86%         3
 Airstrike                Air            0%         2d(0-16)  99%         4
 Summon Lightning Spire   Summ/Air       0%         N/A       99%         4
 Freezing Cloud           Conj/Ice/Air   0%         6-21      100%        5


Dungeon Overview and Level Annotations

Branches:
Dungeon (3/15)

Altars:


Innate Abilities, Weirdness & Mutations

You are a hulking beast.
Your limbs bulge with bestial killing power. (Slay +0)
You have a pair of small horns on your head.
You regenerate health from kills.


Message History

The orc shouts!
An orc wizard comes into view. It is wielding a +0 dagger.
A goblin comes into view. It is wielding a +0 club.
The orc wizard shouts!
An orc wizard comes into view. It is wielding a +0 dagger.
The goblin shouts!
The orc wizard shouts!
An orc comes into view. It is wielding a +0 club.
An orc wizard comes into view. It is wielding a +0 dagger.
An orc comes into view. It is wielding a +0 mace.
The orc shouts!
The orc wizard shouts!
You feel better. The goblin hits you with a +0 club.
You feel very mighty all of a sudden. The goblin barely misses you.
You slash the goblin!
You kill the goblin!
You slash the orc!
You kill the orc!
You closely miss the orc wizard.
The orc wizard hits you with a +0 dagger.
You barely miss the orc wizard. You miss the orc wizard.
The orc wizard points at you and mumbles some strange words.
The puff of flame hits you.
* * * LOW HITPOINT WARNING * * *
The orc wizard barely misses you.
Unknown command.
You slash the orc wizard!
You kill the orc wizard!
You closely miss the orc wizard. The orc wizard casts a spell at you.
The magic dart hits you!
* * * LOW HITPOINT WARNING * * *
You have reached level 5!
Your demonic ancestry asserts itself...
The wave of death grows in power.
You slash the orc!
You kill the orc!
You hit the orc wizard.
The orc wizard gestures at you while chanting.
The puff of flame hits you!
You die...

.........
##.......##
####.........#
...........o.###
...#...........#
...#........>..###
...#.............#
...##.......####)###
...###.....##


#hoo# ....o..##### ###.# .####### .oo . #... . #... . ... . .. You could see 2
orc wizards and 2 orcs.

Vanquished Creatures
  An orc wizard (D:3)
  5 adders
  4 dart slugs
  2 orcs (D:3)
  5 ball pythons
  3 endoplasms (D:2)
  3 giant cockroaches
  2 hobgoblins
  8 jackals
  5 kobolds
  A quokka (D:2)
  5 bats
  A frilled lizard (D:1)
  9 goblins
  3 rats
57 creatures vanquished.

Notes
Turn   | Place    | Note
-------+----------+-------------------------------------------
     0 | D:1      | gelatine the Demonspawn Fighter began the quest for the
                  | Orb.
     0 | D:1      | Reached XP level 1. HP: 18/18 MP: 1/1
    86 | D:1      | Gained mutation: You regenerate a little health from kills.
                  | [demonic ancestry]
    86 | D:1      | Reached XP level 2. HP: 21/24 MP: 2/2
   657 | D:1      | Reached XP level 3. HP: 29/29 MP: 3/3
  1199 | D:2      | Reached skill level 1 in Dodging
  1319 | D:2      | Gained mutation: You have a pair of small horns on your
                  | head. [demonic ancestry]
  1319 | D:2      | Reached XP level 4. HP: 35/35 MP: 4/4
  2012 | D:3      | HP: 1/35 [something (2)]
  2039 | D:3      | Gained mutation: You regenerate health from kills. [demonic
                  | ancestry]
  2039 | D:3      | Reached XP level 5. HP: 6/41 MP: 5/5
  2039 | D:3      | Killed from afar by an orc wizard

Illustrated notes

Levels and vault maps discovered:
D:1:      lemuel_arrival_broad_hall, layout_basic
D:2:      layout_basic
D:3:      cheibrodos_fertilizer, layout_rooms, mainiacjoe_overflow_alcove_4,
          gup_sewer_entry_bowl, nicolae_ecumenical_snake_handling,
          minmay_misc_feat_alley

Skill      XL: |  1  2  3  4 |
---------------+-------------+-----
Shields        | 3 |  3.2
Axes           | 2 3 |  3.1
Dodging        | 1 |  1.2
Armour         | 3 |  3.1
Fighting       | |  3.4
Spellcasting   | |  0.3
Evocations     | |  0.4
Shapeshifting  | |  0.3

Action                     |  1- 3 |  4- 6 || total
---------------------------+-------+-------++-------
  Melee: War axe           |    79 |       ||    79
         Hand axe          |    50 |    79 ||   129
         Headbutt          |       |    10 ||    10
    Use: Scroll            |       |     7 ||     7
         Potion            |       |     2 ||     2
   Stab: Sleeping          |     1 |       ||     1
 Armour: Scale mail        |    62 |       ||    62
         Leather armour    |    34 |    82 ||   116
  Dodge: Dodged            |    56 |    58 ||   114
  Block: Buckler           |    27 |    14 ||    41
   Form: Beast             |       |     1 ||     1

Table legend: (Time is in decaauts)
 A = Elapsed time spent in this place.
 B = Non-inter-level travel time spent in this place.
 C = Inter-level travel time spent in this place.
 D = Time resting spent in this place.
 E = Time spent auto-exploring this place.
 F = Levels seen in this place.
 G = Mean time per level.
                   A        B        C        D        E       F      G
               +--------+--------+--------+--------+--------+-----+--------+
         Total |   2098 |   1982 |    116 |      0 |   1345 |   3 |  699.3 |
       Dungeon |   2098 |   1982 |    116 |      0 |   1345 |   3 |  699.3 |
               +--------+--------+--------+--------+--------+-----+--------+

Top non-repeatable levels by time:
     D:2: 1067 daAuts
     D:1: 933 daAuts
     D:3: 97 daAuts
